 Dungeon Sprint DCSS version 0.31-a0-75-g6fe912e8c5 (webtiles) character file.

Game seed: 7078600279646686771

28 sircluck the Firebug (level 2, -2/20 HPs)
             Began as a Demigod Fire Elementalist on May 23, 2023.
             Slain by a human (3 damage)
             ... in the Dungeon (Sprint III: "The Ten Rune Challenge").
             The game lasted 00:01:14 (147 turns).

sircluck the Firebug (Demigod Fire Elementalist)     Turns: 147, Time: 00:01:15

Health: -2/20      AC:  2    Str:  9    XL:     2   Next: 75%
Magic:  2/8        EV: 12    Int: 17    God:
Gold:   0          SH:  0    Dex: 14    Spells: 5/6 levels left

rFire   . . .        i - +4 dagger (speed)
rCold   . . .        (no shield)
rNeg    . . .        a - +0 robe
rPois   .            (no helmet)
rElec   .            h - scarf {harm}
rCorr   .            (no gloves)
SInv    .            (no boots)
Will    .....        (no amulet)
Stlth   ++           (no ring)
HPRegen 0.23/turn    (no ring)
MPRegen 0.11/turn

%: no teleportation, harm (+30% outgoing, +20% incoming)
@: no status effects
A: high MP 1, forlorn, divine attributes
a: no special abilities


You were in the Dungeon.
You visited 1 branch

Inventory:

Hand Weapons
 i - a +4 dagger of speed (weapon)
Missiles
 j - 8 stones
Armour
 a - a +0 robe (worn)
 h - a scarf of harm (worn)
Scrolls
 g - a scroll of blinking
Potions
 b - 2 potions of magic
 c - a potion of curing
 d - a potion of heal wounds
 e - a potion of haste
 f - a potion of berserk rage


   Skills:
 + Level 2.5 Dodging
 + Level 2.3 Stealth
 + Level 2.9 Spellcasting
 + Level 1.2 Conjurations
 + Level 4.7 Fire Magic


You had 5 spell levels left.
You knew the following spells:

 Your Spells              Type           Power      Damage    Failure   Level
a - Foxfire               Conj/Fire      44%        2x1d6     6%          1

Your spell library contained the following spells:

 Spells                   Type           Power      Damage    Failure   Level
 Scorch                   Fire           36%        2d6       3%          2
 Inner Flame              Hex/Fire       9%         N/A       22%         3
 Volatile Blastmotes      Fire/Tloc      18%        2d11      22%         3
 Flame Wave               Conj/Fire      11%        2d6       52%         4


Dungeon Overview and Level Annotations

Branches:
Dungeon (1/1)


Innate Abilities, Weirdness & Mutations

You have an increased reservoir of magic. (+10% MP)
You shall have no god before yourself.
Your divine heritage dramatically boosts your attributes as you level up.


Message History

Confirm with . or Enter, or press ? or * to list all spells.
You conjure some foxfire!
The foxfire hits the human.
The human is moderately wounded.
Casting: Foxfire (safe; 6% risk of failure)
Confirm with . or Enter, or press ? or * to list all spells.
You conjure some foxfire!
The foxfire hits the human.
The human is moderately wounded.
The foxfire hits the human but does no damage.
The human is moderately wounded.
Casting: Foxfire (safe; 6% risk of failure)
Confirm with . or Enter, or press ? or * to list all spells.
You conjure some foxfire!
The foxfire hits the human.
The human is moderately wounded.
The foxfire hits the human.
The human is heavily wounded.
Casting: Foxfire (safe; 6% risk of failure)
Confirm with . or Enter, or press ? or * to list all spells.
You conjure some foxfire!
The foxfire hits the human but does no damage.
The human is heavily wounded.
The foxfire hits the human.
The human is severely wounded.
Your foxfire dissipates!
The foxfire hits the human.
The human is severely wounded.
Your magical contamination has completely faded away.
The human completely misses you.
You hit the human. You punch the human, but do no damage.
The human is severely wounded.
The human hits you!
Ouch! That really hurt!
You barely miss the human.
The human is severely wounded.
You hit the human.
The human is almost dead.
The human hits you!
* * * LOW HITPOINT WARNING * * *
Unknown command.
The human attacks as you move away! The human hits you.
You die...

▓.[†..#
▓.....#...~~..♣
▓.....#..~~~~.♣♣
▓####'#..~≈≈~~~♣
▓.....#.~~≈~~~..
▓.....#.~≈~~~...
▓.....#.~~~.....
▓'#####.........
▓......@p.......
▓▓▓▓▓▓▓▓▓▓▓▓▓▓▓▓


You could see a human.

Vanquished Creatures
  Jessica (D)
  An endoplasm (D)
  A rat (D)
3 creatures vanquished.

Vanquished Creatures (others)
  27 foxfires (D)
27 creatures vanquished.

Grand Total: 30 creatures vanquished

Notes
Turn   | Place    | Note
-------+----------+-------------------------------------------
     0 | D        | sircluck the Demigod Fire Elementalist began the quest for
                  | the Orb.
     0 | D        | Reached XP level 1. HP: 14/14 MP: 5/5
     8 | D        | Reached skill level 3 in Fire Magic
    25 | D        | Noticed Jessica
    44 | D        | Killed Jessica
    45 | D        | Reached skill level 1 in Conjurations
    45 | D        | Reached skill level 4 in Fire Magic
    45 | D        | Reached XP level 2. HP: 20/20 MP: 2/8
   146 | D        | HP: 1/20 [human (9)]
   147 | D        | Slain by a human

Illustrated notes

Levels and vault maps discovered:
D:        dungeon_sprint_mu [sprint_mu_entry_forest, sprint_mu_temple_rooms,
          sprint_mu_d1_spiders, sprint_mu_d2_genie, sprint_mu_d3_branching,
          sprint_mu_orc_legion, sprint_mu_elf_gauntlet, sprint_mu_hive_nellie,
          sprint_mu_lair_fedhas, sprint_mu_vaults_butterflies,
          sprint_mu_slime_circle, sprint_mu_swamp_cave, sprint_mu_shoals_archi,
          sprint_mu_blade_basic, sprint_mu_crypt_fortress,
          sprint_mu_tomb_spiral, sprint_mu_vestibule_basic,
          sprint_mu_gehenna_hellfire, sprint_mu_dis_giant,
          sprint_mu_tartarus_statrot, sprint_mu_cocytus_islands, sprint_mu_zot1]

Skill      XL: |  1 |
---------------+----+-----
Fire Magic     | 4 |  4.7
Spellcasting   | 2 |  2.9
Dodging        | 2 |  2.5
Stealth        | 2 |  2.3
Conjurations   | 1 |  1.2

Action                     || total
---------------------------++-------
  Melee: Unarmed           ||     2
         Dagger            ||     3
         Punch             ||     1
   Cast: Foxfire           ||    16
    Use: Potion            ||     1
  Dodge: Dodged            ||     1

Table legend: (Time is in decaauts)
 A = Elapsed time spent in this place.
 B = Non-inter-level travel time spent in this place.
 C = Inter-level travel time spent in this place.
 D = Time resting spent in this place.
 E = Time spent auto-exploring this place.
 F = Levels seen in this place.
 G = Mean time per level.
                   A        B        C        D        E       F      G
               +--------+--------+--------+--------+--------+-----+--------+
         Total |    145 |    145 |      0 |      0 |     60 |   1 |  145.0 |
       Dungeon |    145 |    145 |      0 |      0 |     60 |   1 |  145.0 |
               +--------+--------+--------+--------+--------+-----+--------+

Top non-repeatable levels by time:
       D: 145 daAuts
